Description

personal

Replay - +1 Roach Speed Timing (Bronze/Silver Friendly)

Build Order

Get SALT Encoding   

  12  0:01  Drone  
  13  0:12  Overlord  
  13  0:17  Drone  
  14  0:30  Drone x3  
  17  0:54  Hatchery  
  17  0:57  Drone x2  
  17  1:03  Extractor  
  17  1:07  Drone  
  18  1:21  Spawning Pool  
  18  1:22  Drone  
  18  1:28  Drone  
  19  1:42  Overlord  
  19  2:07  Metabolic Boost  
  19  2:09  Queen x2  
  19  2:10  Zergling x4  
  31  2:43  Overlord  
  31  2:44  Queen  
  36  3:02  Overlord  
  38  3:20  Overlord  
  45  3:36  Roach Warren  
  45  3:44  Extractor x2  
  44  3:55  Lair  
  47  3:59  Extractor  
  47  4:00  Evolution Chamber  
  52  4:20  Spore Crawler x2  
  52  4:23  Spine Crawler  
  52  4:32  Zerg Missile Weapons Level 1  
  54  4:45  Roach x4  
  54  4:51  Hatchery  
  59  4:56  Roach x3  
  63  5:01  Roach  
  67  5:10  Overseer  
  67  5:13  Glial Reconstitution  
  68  5:15  Roach x2  
  114  6:25  Ravager x4  
  124  6:44  Ravager x2  
Spawning Tool Build Advisor. Get it on Overwolf

Go to:

Details

  • Created by: falseemperor
  • Published on: Apr 08, 2017
  • Modified on: Apr 08, 2017
  • Patch: 3.8.0
Show
View Real Time Build Order
Export as new Build Order

Comments (0)

There are no comments. Be the first!

Create an account to comment!